 Dungeon Crawl Stone Soup version 0.27-a0-1140-g099f9bb0e8 (webtiles) character file.

Game seed: 2470942372444763652

5083 freelancePsychic the Slicer (level 10, -6/57 HPs)
             Began as a Vine Stalker Fighter on May 9, 2021.
             Was an Initiate of Gozag.
             Mangled by a two-headed ogre
             ... wielding a +0 dire flail
              (9 damage)
             ... on level 9 of the Dungeon.
             The game lasted 00:16:24 (7952 turns).

freelancePsychic the Slicer (Vine Stalker Fighter)  Turns: 7952, Time: 00:16:25

Health: -6/57      AC:  9    Str: 20    XL:     10   Next: 57%
Magic:  0/11       EV:  9    Int:  8    God:    Gozag
Gold:   785        SH: 15    Dex: 16    Spells: 9/9 levels left

rFire    + . .     SeeInvis .   b - +2 short sword (venom)
rCold    + . .     Faith    .   c - +0 kite shield
rNeg     . . .     Spirit   +   w - +0 scale mail
rPois    +         Reflect  +   (no helmet)
rElec    +         Harm     .   (no cloak)
rCorr    +         Rampage  .   y - +2 pair of gloves
Will     +....                  (no boots)
Stlth    ..........             v - amulet of reflection
HPRegen  1.19/turn              (no ring)
MPRegen  0.12/turn              (no ring)

@: mighty, resistant
A: fangs 3, regeneration 1, magic shield, antimagic bite, no potion heal 2
a: Renounce Religion, Potion Petition, Call Merchant, Bribe Branch


You were on level 9 of the Dungeon.
You worshipped Gozag.
Gozag was pleased with you.
You visited 1 branch of the dungeon, and saw 9 of its levels.

You collected 1218 gold pieces.
You paid 433 gold pieces to Gozag.

Inventory:

Hand Weapons
 a - a +2 rapier of draining
 b - a +2 short sword of venom (weapon)
 j - a +1 dagger of electrocution
Missiles
 t - 4 curare-tipped darts (quivered)
 u - 24 poisoned darts
 x - 3 throwing nets
Armour
 c - a +0 kite shield (worn)
 w - a +0 scale mail (worn)
 y - a +2 pair of gloves (worn)
Jewellery
 v - an amulet of reflection (around neck)
Wands
 d - a wand of paralysis (3)
 l - a wand of mindburst (28)
 o - a wand of iceblast (9)
 q - a wand of digging (10)
 r - a wand of acid (10)
 B - a wand of charming (9)
Scrolls
 h - 2 scrolls of magic mapping {unknown}
 i - 2 scrolls of teleportation {@r4}
 k - 5 scrolls of identify {@r1}
 m - 2 scrolls of vulnerability
 n - a scroll of amnesia
 z - a scroll of noise {unknown}
Potions
 e - 3 potions of haste {@q3}
 f - a potion of brilliance {unknown}
 g - 2 potions of curing {@q1}
 p - a potion of flight {unknown}
 s - a potion of degeneration {unknown}
 A - a potion of magic {unknown}
 C - a potion of berserk rage {unknown}


   Skills:
 + Level 8.6 Fighting
 - Level 10.0 Short Blades
 - Level 2.4 Armour
 + Level 3.6 Dodging
 + Level 5.0 Shields


You had 9 spell levels left.
You didn't know any spells.
Your spell library contained the following spells:

 Spells                   Type           Power      Damage    Failure   Level
 Magic Dart               Conj           0%         1d3       99%         1
 Sandblast                Erth           0%         2d4       99%         1
 Blink                    Tloc           N/A        N/A       100%        2
 Call Imp                 Summ           0%         N/A       100%        2
 Slow                     Hex            0%         N/A       100%        2
 Conjure Flame            Conj/Fire      0%         6-21      100%        3
 Inner Flame              Hex/Fire       0%         N/A       100%        3
 Mephitic Cloud           Conj/Pois/Air  0%         N/A       100%        3
 Borgnjor's Vile Clutch   Necr/Erth      0%         N/A       100%        5
 Summon Mana Viper        Hex/Summ       0%         N/A       100%        5
 Invisibility             Hex            0%         N/A       100%        6


Dungeon Overview and Level Annotations

Branches:
Dungeon (9/15)             Temple (0/1) D:5
   Lair: D:8-11         Orc: D:9-12

Altars:
Cheibriados
Elyvilon
Gozag
Uskayaw
Vehumet
Wu Jian
The Shining One

Shops:
D:4 =


Innate Abilities, Weirdness & Mutations

You have razor-sharp teeth.
Your natural rate of healing is unusually fast.
When hurt, damage is shared between your health and your magic reserves.
Your bite disrupts and absorbs the magic of your enemies.
Potions cannot restore your health.


Message History

The wyvern zombie bites you but does no damage.
Your scale mail prevents you from hitting the wyvern zombie.
Your bite misses the wyvern zombie.
The wyvern zombie is moderately damaged.
You block the wyvern zombie's attack.
Okay, then.
You hit the wyvern zombie but do no damage.
The wyvern zombie is moderately damaged.
You block the wyvern zombie's attack. You block the two-headed ogre's attack.
The two-headed ogre barely misses you.
You barely miss the wyvern zombie. You bite the wyvern zombie!
You drain its power.
The wyvern zombie is heavily damaged.
You block the wyvern zombie's attack.
You puncture the wyvern zombie! You bite the wyvern zombie.
You drain its power.
The wyvern zombie is severely damaged.
The wyvern zombie bites you but does no damage.
The two-headed ogre hits you with a +0 dire flail!
The two-headed ogre hits you with a +0 giant spiked club! [a] - 720 gold - lignification, might, resistance, heal wounds, curing and berserk rage [b] - 630 gold - curing, magic, heal wounds and berserk rage [c] - 378 gold - resistance and might Purchase which effect?
You no longer have enough gold to fund merchants seeking to open stores in the dungeon.
You feel protected.
You feel very mighty all of a sudden. You block the wyvern zombie's attack.
The two-headed ogre hits you but does no damage.
The two-headed ogre hits you with a +0 giant spiked club!!
* * * LOW HITPOINT WARNING * * *
You hit the wyvern zombie. You bite the wyvern zombie! You drain its power.
You feel invigorated.
The wyvern zombie is almost destroyed.
You block the wyvern zombie's attack. The wyvern zombie bites you.
* * * LOW HITPOINT WARNING * * *
You hit the two-headed ogre.
The two-headed ogre is lightly wounded.
The two-headed ogre hits you with a +0 dire flail!
You die...
Your body crumbles into a pile of gold.

... ... .. #'# ## ..#
.O ####.# #. #..).#
####..######.####
.......O@Z...#####.
......####..........
..... #.######.P.
#### #.# ## #.# ..
#.# $ .## #.# P .<#
##.#####..
#####.######.........


You could see a two-headed ogre and a wyvern zombie.

Vanquished Creatures
  Harold (D:7)
  A two-headed ogre (D:9)
  The ghost of freelancePsychic the Covert, a novice KoNe (D:5)
  Psyche (D:8)
  Grinder (D:3)
  A wyvern (D:7)
  Grum (D:8)
  A water moccasin (D:9)
  An ice beast (D:7)
  2 sky beasts
  An ogre (D:7)
  3 orc warriors
  A hornet zombie (D:7)
  A black bear (D:4)
  3 wolves
  2 centaurs
  A kobold brigand (D:5)
  A gnoll sergeant (D:8)
  4 bullfrogs (D:7)
  2 scorpions (D:7)
  4 wights (D:6)
  2 howler monkeys
  2 bullfrog zombies
  A jelly (D:7)
  A bullfrog skeleton (D:5)
  4 iguanas
  5 orc wizards
  A killer bee zombie (D:8)
  2 hound skeletons (D:5)
  A howler monkey zombie (D:8)
  8 adders
  5 gnolls (D:8)
  A howler monkey skeleton (D:6)
  A shadow imp (D:6)
  2 white imps
  An adder skeleton (D:4)
  2 dart slugs
  21 orcs
  4 ball pythons
  6 bats
  8 endoplasms
  4 giant cockroaches
  3 goblins
  7 hobgoblins
  5 jackals
  2 quokkas
  2 frilled lizards
  18 kobolds
  4 rats
157 creatures vanquished.

Notes
Turn   | Place    | Note
-------+----------+-------------------------------------------
     0 | D:1      | freelancePsychic the Vine Stalker Fighter began the quest
                  | for the Orb.
     0 | D:1      | Reached XP level 1. HP: 11/11 MP: 2/2
    53 | D:1      | Reached skill level 2 in Short Blades
   104 | D:1      | Reached XP level 2. HP: 12/16 MP: 0/3
   518 | D:1      | Reached XP level 3. HP: 20/20 MP: 4/4
  1240 | D:2      | Reached skill level 3 in Short Blades
  1590 | D:2      | Gained mutation: Your natural rate of healing is unusually
                  | fast. [Vine Stalker growth]
  1590 | D:2      | Reached XP level 4. HP: 19/24 MP: 3/5
  1810 | D:3      | Found a snail-covered altar of Cheibriados.
  1810 | D:3      | Found an ornate altar of the Wu Jian Council.
  2040 | D:3      | Found a glowing golden altar of the Shining One.
  2495 | D:3      | Noticed Grinder
  2611 | D:4      | Reached XP level 5. HP: 28/28 MP: 6/6
  2629 | D:4      | Found a large runed translucent door.
  2630 | D:4      | Found a large runed translucent door.
  2646 | D:4      | Reached skill level 4 in Short Blades
  2655 | D:4      | Found a white marble altar of Elyvilon.
  2658 | D:4      | Found an opulent altar of Gozag.
  2803 | D:4      | Became a worshipper of Gozag Ym Sagoz the Greedy
  2828 | D:4      | Found Cicastroo's Jewellery Shop.
  3003 | D:4      | Identified Sif Muna's Compendium of Earthen Glamour
  3389 | D:4      | Noticed a black bear
  3403 | D:4      | Killed a black bear
  3404 | D:4      | Reached XP level 6. HP: 23/33 MP: 4/7
  3700 | D:5      | Entered Level 5 of the Dungeon
  3752 | D:5      | Reached skill level 5 in Short Blades
  3990 | D:5      | Found a staircase to the Ecumenical Temple.
  4147 | D:5      | Noticed a sky beast
  4163 | D:5      | Killed a sky beast
  4164 | D:5      | Reached XP level 7. HP: 37/38 MP: 8/8
  4382 | D:5      | Found a runed translucent gate.
  4383 | D:5      | Found a runed translucent gate.
  4384 | D:5      | Found a runed translucent gate.
  4384 | D:5      | Noticed freelancePsychic's ghost (novice KoNe)
  4406 | D:5      | Reached skill level 6 in Short Blades
  4408 | D:5      | Paralysed by a kobold for 2 turns
  4425 | D:5      | Killed freelancePsychic's ghost
  4426 | D:5      | Reached skill level 5 in Fighting
  4426 | D:5      | Gained mutation: You have razor-sharp teeth. [Vine Stalker
                  | growth]
  4426 | D:5      | Reached XP level 8. HP: 11/43 MP: 9/9
  4430 | D:5      | HP: 1/43 [poisoned by a kobold]
  4435 | D:5      | HP: 1/43 [poisoned by a kobold]
  4744 | D:3      | Found a glowing golden altar of the Shining One.
  4792 | D:3      | Killed Grinder
  4793 | D:3      | Reached skill level 7 in Short Blades
  5073 | D:3      | Found a snail-covered altar of Cheibriados.
  5073 | D:3      | Found an ornate altar of the Wu Jian Council.
  5575 | D:6      | Reached skill level 8 in Short Blades
  5663 | D:6      | Found a hide-covered altar of Uskayaw.
  6119 | D:7      | Reached XP level 9. HP: 45/49 MP: 8/10
  6232 | D:7      | Noticed Harold
  6257 | D:7      | Killed Harold
  6258 | D:7      | Reached skill level 9 in Short Blades
  6498 | D:7      | Reached skill level 10 in Short Blades
  6851 | D:7      | Reached skill level 1 in Dodging
  7203 | D:7      | Reached XP level 10. HP: 55/56 MP: 8/11
  7259 | D:8      | Noticed Grum
  7312 | D:8      | Killed Grum
  7557 | D:8      | Noticed Psyche
  7569 | D:8      | Killed Psyche
  7827 | D:9      | Found a radiant altar of Vehumet.
  7908 | D:9      | Noticed a two-headed ogre
  7917 | D:9      | Killed a two-headed ogre
  7918 | D:9      | Reached skill level 5 in Shields
  7941 | D:9      | Noticed a two-headed ogre
  7951 | D:9      | HP: 2/57 [wyvern zombie (1)]
  7952 | D:9      | Mangled by a two-headed ogre

Illustrated notes

Levels and vault maps discovered:
D:1:      dpeg_arrival_three_same_balls, layout_basic,
          minmay_misc_feat_more_columns
D:2:      layout_basic
D:3:      layout_loops_ring, nicolae_overflow_hidden_temple,
          gammafunk_temple_overflow_elements, uniq_grinder
D:4:      layout_layer_cave, jmf_multi_god_temple2, serial_shops,
          nicolae_shop_temple_entry_statues_fountains
D:5:      layout_loops_ring, minmay_temple_entry_arrows,
          gammafunk_ghost_nasty_kobolds, corexii_checkpoint_a
D:6:      layout_rooms, eat_drink_and_be_merry_uskayaw,
          hangedman_abyss_or_decor_passed
D:7:      layout_loops_corners, uniq_harold
D:8:      layout_cave_pools, uniq_psyche, uniq_grum
D:9:      layout_roguey, okawaru_altar_gauntlet_db, lemuel_tele_altar,
          grunt_lair_entry_orc_guard_hut, chequers_jeans

Skill      XL: |  1  2  3  4  5  6  7  8  9 10 |
---------------+-------------------------------+-----
Short Blades   | 2 3 4 5 6 8 10 | 10.0
Fighting       | 3 4 5 6 7 8 |  8.6
Shields        | 3 5 |  5.0
Dodging        | 1 3 |  3.6
Armour         | |  2.4

Action                   |  1- 3 |  4- 6 |  7- 9 | 10-12 || total
-------------------------+-------+-------+-------+-------++-------
Melee: Rapier            |    85 |   148 |   105 |    13 ||   351
       Bite              |    21 |    43 |    86 |    37 ||   187
       Short sword       |       |       |   114 |    88 ||   202
Throw: Dart              |       |       |     4 |     3 ||     7
Invok: Potion Petition   |       |       |       |     1 ||     1
  Use: Scroll            |     1 |     1 |     6 |       ||     8
       Potion            |       |       |     2 |       ||     2
 Stab: Distracted        |       |       |     4 |       ||     4
       Held in net/web   |       |       |     1 |       ||     1
Armor: Scale mail        |    46 |    62 |    44 |    24 ||   176
Dodge: Dodged            |    31 |    40 |    38 |    29 ||   138
Block: Kite shield       |    59 |    65 |    99 |    87 ||   310
       Reflection        |       |       |     2 |       ||     2

Table legend: (Time is in decaauts)
 A = Elapsed time spent in this place.
 B = Non-inter-level travel time spent in this place.
 C = Inter-level travel time spent in this place.
 D = Time resting spent in this place.
 E = Time spent auto-exploring this place.
 F = Levels seen in this place.
 G = Mean time per level.
                   A        B        C        D        E       F      G
               +--------+--------+--------+--------+--------+-----+--------+
         Total |   8005 |   7488 |    517 |    404 |   5757 |   9 |  889.4 |
       Dungeon |   8005 |   7488 |    517 |    404 |   5757 |   9 |  889.4 |
               +--------+--------+--------+--------+--------+-----+--------+

Top non-repeatable levels by time:
     D:3: 1450 daAuts
     D:4: 1206 daAuts
     D:7: 1098 daAuts
     D:5: 1002 daAuts
     D:2: 993 daAuts
     D:1: 832 daAuts
     D:6: 688 daAuts
     D:8: 555 daAuts
     D:9: 177 daAuts
